 Dungeon Crawl Stone Soup version 0.25-a0-734-g73332aeda9 (webtiles) character file.

Game seed: 2318691439620532918, levelgen mode: deterministic

266 omer1ben the Chopper (level 6, -3/53 HPs)
             Began as a Minotaur Fighter on Apr 9, 2020.
             Was a Believer of Uskayaw.
             Slain by an ogre
             ... wielding a +0 giant club
              (16 damage)
             ... on level 4 of the Dungeon.
             The game lasted 00:26:12 (3296 turns).

omer1ben the Chopper (Minotaur Fighter)             Turns: 3296, Time: 00:26:13

Health: -3/53      AC:  9    Str: 28    XL:     6   Next: 0%
Magic:  5/5        EV:  7    Int:  5    God:    Uskayaw [**....]
Gold:   114        SH: 10    Dex: 10    Spells: 5/5 levels left

rFire    . . .     SeeInvis .   a - +0 war axe
rCold    . . .     Gourm    .   c - +0 kite shield
rNeg     . . .     Faith    .   k - +0 chain mail
rPois    .         Spirit   .   (helmet restricted)
rElec    .         Reflect  .   (no cloak)
rCorr    .         Harm     .   (no gloves)
MR       .....                  (no boots)
Stlth    ..........             (no amulet)
HPRegen  0.17/turn              t - +6 ring of strength
MPRegen  0.09/turn              y - ring of wizardry

@: no status effects
A: retaliatory headbutt, horns 2
a: Stomp, Line Pass, Renounce Religion


You were on level 4 of the Dungeon.
You worshipped Uskayaw.
Uskayaw was noncommittal.
You were not hungry.

You visited 1 branch of the dungeon, and saw 4 of its levels.

You collected 114 gold pieces.

Inventory:

Hand Weapons
 a - a +0 war axe (weapon)
 s - a +0 club
Missiles
 h - 139 stones (quivered)
 p - 5 silver javelins
 u - a throwing net
Armour
 b - a +0 scale mail
 c - a +0 kite shield (worn)
 f - a +0 pair of gloves
 g - a +0 pair of gloves
 k - a +0 chain mail (worn)
Jewellery
 t - a +6 ring of strength (left hand)
 y - a ring of wizardry (right hand)
Scrolls
 e - 2 scrolls of teleportation
 i - 2 scrolls of remove curse {unknown}
 l - a scroll of fog {unknown}
 n - 2 scrolls of enchant weapon {unknown}
 o - a scroll of enchant armour {unknown}
 q - a scroll of magic mapping {unknown}
 w - 2 scrolls of fear {unknown}
 x - a scroll of amnesia {unknown}
 z - a scroll of noise {unknown}
 B - a scroll of identify
Potions
 d - a potion of might
 m - a potion of lignification
 r - a potion of stabbing {unknown}
 v - a potion of curing {unknown}
Comestibles
 j - 3 rations
 A - a chunk of flesh


   Skills:
 + Level 4.5 Fighting
 * Level 5.3 Axes
 + Level 4.4 Armour
 + Level 1.4 Dodging
 + Level 0.2 Stealth
 + Level 4.9 Shields


You had 5 spell levels left.
You didn't know any spells.
Your spell library was empty.

Dungeon Overview and Level Annotations

Branches:
Dungeon (4/15)
 Temple: D:4-7

Altars:
Okawaru
Uskayaw
Zin


Innate Abilities, Weirdness & Mutations

You reflexively headbutt those who attack you in melee.
You have a pair of horns on your head.


Message History

h - 138 stones (gained 20)
h - 139 stones (gained 1)
An ogre comes into view. It is wielding a +0 giant club.
The ogre shouts!
The ogre hits you with a +0 giant club!!
You slash the ogre!
The ogre is severely wounded.
The ogre hits you with a +0 giant club!!
You slash the ogre!
The ogre is almost dead.
The ogre hits you with a +0 giant club.
* * * LOW HITPOINT WARNING * * *
You can now pass through a line of other dancers.
You barely miss the ogre.
The ogre is almost dead.
You block the ogre's attack.
Your shield prevents you from hitting the ogre.
The ogre is almost dead.
The ogre hits you with a +0 giant club!
You die...

.## # ... . #.#.#
..#.# #.#.# #..?#
#...#
############O###.#
...........@....#
........#####......
.###.....# ##.###
.........### #
..##.......#
.........###
.........#####
#..#.........##
#..#..#.รท###..# #


You could see an ogre.

Vanquished Creatures
  A scorpion (D:4)
  A howler monkey (D:4)
  Terence (D:3)
  Robin (D:3)
  3 gnolls (D:2)
  3 adders
  2 oozes (D:1)
  2 worms (D:2)
  2 dart slugs
  2 ball pythons
  2 giant cockroaches
  13 goblins
  14 hobgoblins
  2 jackals (D:2)
  4 bats
  9 kobolds
  10 rats
72 creatures vanquished.

Notes
Turn   | Place    | Note
-------+----------+-------------------------------------------
     0 | D:1      | omer1ben the Minotaur Fighter began the quest for the Orb.
     0 | D:1      | Reached XP level 1. HP: 19/19 MP: 0/0
   243 | D:1      | Reached XP level 2. HP: 22/27 MP: 1/1
   729 | D:1      | Reached skill level 3 in Axes
   939 | D:1      | Reached XP level 3. HP: 27/33 MP: 2/2
  1164 | D:2      | Found a hide-covered altar of Uskayaw.
  1201 | D:2      | Became a worshipper of Uskayaw the Reveler
  1227 | D:2      | Reached * piety under Uskayaw
  1298 | D:2      | Reached ** piety under Uskayaw
  1307 | D:1      | Reached XP level 4. HP: 30/40 MP: 3/3
  1607 | D:2      | Reached skill level 1 in Dodging
  1607 | D:2      | Reached *** piety under Uskayaw
  1612 | D:2      | Reached **** piety under Uskayaw
  1914 | D:3      | Noticed Terence
  1920 | D:3      | Killed Terence
  1920 | D:3      | Reached skill level 4 in Axes
  1920 | D:3      | Reached XP level 5. HP: 46/47 MP: 4/4
  1939 | D:3      | Found an iron altar of Okawaru.
  1993 | D:3      | Noticed Robin
  2002 | D:3      | Killed Robin
  2106 | D:3      | Found a glowing silver altar of Zin.
  2704 | D:3      | Found a glowing silver altar of Zin.
  3008 | D:3      | Found an iron altar of Okawaru.
  3190 | D:4      | Reached skill level 5 in Axes
  3235 | D:4      | Reached XP level 6. HP: 53/53 MP: 5/5
  3296 | D:4      | Slain by an ogre

Levels and vault maps discovered:
D:1:      mrwooster_arrival_statue_2, layout_loops_corners
D:2:      layout_basic, old_standard_altar
D:3:      layout_loops_ring, lemuel_doored_altar, okawaru_metal_pillars_1_2,
          uniq_robin, uniq_terence
D:4:      layout_basic, yredelemnul_altar_generic, portal_sewer_entry_d

Skill      XL: |  1  2  3  4  5 |
---------------+----------------+-----
Shields        | 4 |  4.9
Fighting       | 4 |  4.5
Axes           | 3 4 5 |  5.3
Armour         | 4 |  4.4
Dodging        | 1 |  1.4
Stealth        | |  0.2

Action                   |  1- 3 |  4- 6 || total
-------------------------+-------+-------++-------
Melee: War axe           |    95 |    78 ||   173
       Headbutt          |     9 |    11 ||    20
Throw: Stone             |     3 |     6 ||     9
Invok: Stomp             |       |     1 ||     1
  Use: Scroll            |       |     5 ||     5
 Stab: Paralysed         |       |     2 ||     2
  Eat: Ration            |     1 |       ||     1
       Chunk             |       |     4 ||     4
Armor: Scale mail        |    39 |    31 ||    70
       Chain mail        |       |     1 ||     1
Dodge: Dodged            |    24 |    23 ||    47
Block: Kite shield       |    42 |    55 ||    97

Table legend:
 A = Non-vault XP
 B = Vault XP
 C = Vault XP percentage of total XP
 D = Non-vault monster count
 E = Vault monster count
 F = Vault count percentage of total count
                 A         B        C        D         E       F
            +---------+---------+-------+---------+---------+-------
      Total |     315 |      65 |  17.1 |      63 |       9 |  12.5
            +---------+---------+-------+---------+---------+-------
        D:1 |      53 |       0 |   0.0 |      25 |       0 |   0.0
        D:2 |     105 |       0 |   0.0 |      22 |       0 |   0.0
        D:3 |      36 |      65 |  64.4 |      14 |       9 |  39.1
        D:4 |     121 |       0 |   0.0 |       2 |       0 |   0.0
            +---------+---------+-------+---------+---------+-------
